 Dungeon Crawl Stone Soup version 0.31-a0-216-g22e908daa7 (webtiles) character file.

Game seed: 1771528686517371477

3941 qw the Fighter (level 10, -15/67 HPs)
             Began as a Gargoyle Fighter on July 2, 2023.
             Was a Priest of Okawaru.
             Demolished by a wight
             ... wielding a +4 battleaxe
              (16 damage)
             ... on level 8 of the Dungeon.
             The game lasted 00:03:30 (7003 turns).

qw the Fighter (Gargoyle Fighter)                   Turns: 7003, Time: 00:03:31

Health: -15/67     AC: 22    Str: 24    XL:     10   Next: 21%
Magic:  11/13      EV:  8    Int:  9    God:    Okawaru [***...]
Gold:   1110       SH:  5    Dex:  7    Spells: 9/9 levels left

rFire   . . .        Y - +2 war axe (freeze)
rCold   . . .        c - +0 buckler
rNeg    + . .        t - +1 plate armour
rPois   inf          (no helmet)
rElec   +            (no cloak)
rCorr   .            (no gloves)
SInv    .            (no boots)
Will    +....        (no amulet) Stlth
                     (no ring)
HPRegen 0.31/turn    (no ring)
MPRegen 0.13/turn

%: clarity
@: heroic
A: sickness immunity, AC +7, negative energy resistance 1, electricity
resistance, torment resistance 1, petrification resistance, clarity, clumsy 1,
strong-willed 1
a: Renounce Religion, Heroism


You were on level 8 of the Dungeon.
You worshipped Okawaru.
Okawaru was most pleased with you.
You visited 2 branches of the dungeon, and saw 9 of its levels.
You also visited: Sewer.

You collected 1266 gold pieces.
You spent 156 gold pieces at shops.


Innate Abilities, Weirdness & Mutations

You are immune to sickness and miasma.
Your stone body is resilient. (AC +7)
You are immune to poison.
You resist negative energy. (rN+)
You are resistant to electric shocks. (rElec)
You are resistant to unholy torment.
You are immune to petrification.
You possess an exceptional clarity of mind.
You are clumsy. (Dex -2)
You are strong-willed. (Will+)


   Skills:
 - Level 9.7(14.7) Fighting
 + Level 9.4(14.4) Axes
 - Level 5.2(10.2) Armour
 - Level 1.0(6.0) Dodging
 - Level 4.1(9.1) Shields
 - Level 4.1 Invocations


You had 9 spell levels left.
You didn't know any spells.
Your spell library was empty.

Inventory:

Hand Weapons
 w - a +0 flail
 Y - a +2 war axe of freezing (weapon)
Armour
 a - a scarf of resistance
 c - a +0 buckler (worn)
 e - a +1 helmet
 i - a +0 hat of see invisible
 t - a +1 plate armour (worn)
 v - a scarf of repulsion
Scrolls
 f - a scroll of identify
Potions
 b - a potion of enlightenment
 d - 2 potions of might
 g - a potion of attraction
 h - 11 potions of curing
 j - 2 potions of haste
 k - a potion of cancellation
 m - a potion of lignification {unknown}
 n - 4 potions of mutation
 q - a potion of experience {unknown}
 u - a potion of ambrosia {unknown}

Dungeon Overview and Level Annotations

Branches:
Dungeon (8/15)             Temple (1/1) D:4           Sewer (visited)
   Lair: D:8-11

Altars:
Ashenzari
Cheibriados
Dithmenos
Elyvilon
Gozag
Hepliaklqana
Kikubaaqudgha
Makhleb
Nemelex Xobeh
Okawaru
Ru
Sif Muna
Trog
Uskayaw
Vehumet
Wu Jian
Xom
Yredelemnul
Zin
The Shining One

Shops:
D:8 !

Portals:
Ossuary: D:5

Annotations:
D:6 exclusion: 7 centaurs


Message History

You hit the wight.
The wight is severely damaged.
You hit the yak. You freeze the yak. You completely miss the wight.
You hit the yak. You freeze the yak. You slash the yak! You freeze the yak.
The yak gores you but does no damage. The wight hits you with a +4 mace.
The wight hits you but does no damage. The yak gores you.
The yak barely misses you.
You hit the wight but do no damage.
The wight is severely damaged.
You hit the yak but do no damage. You closely miss the yak.
You hit the wight but do no damage. You slash the yak! You freeze the yak.
The yak gores you.
The wight hits you but does no damage. x2
The yak gores you! x2
7000 ||| INVOKING Heroism.
You gain the combat prowess of a mighty hero.
The yak closely misses you. The wight hits you with a +4 mace.
The wight hits you but does no damage. The yak gores you.
The yak gores you but does no damage.
You hit the wight but do no damage.
The wight is severely damaged.
You hit the yak. You freeze the yak. You hit the wight.
You destroy the wight!
Okawaru accepts your kill.
You hit the yak. You freeze the yak. You slash the yak! You freeze the yak.
You slash the yak! You freeze the yak.
You kill the yak!
Okawaru accepts your kill.
You hit the wight.
You destroy the wight!
Okawaru accepts your kill.
You completely miss the yak. You hit the yak. You freeze the yak.
You slash the yak! You freeze the yak. The yak gores you but does no damage.
The yak gores you! The yak gores you.
You slice the yak!! You freeze the yak.
You kill the yak!
Okawaru accepts your kill.
You closely miss the yak. You hit the yak. You freeze the yak.
You hit the wight. You hit the yak but do no damage. The yak gores you.
The wight hits you with a +4 battleaxe!
You die...

#..........######
##..
............#....##
#..
..........?........#
###
.........#..##..\###
# ...........#.####
# ..........#### #
#......#..# #
#.....Y.#.# #
.......@Y##
......zY).#
.......o..#
...........#
...####.)### .# ##..
... ..... .....


You could see 3 yaks, a wight and an orc.

Vanquished Creatures
  Gastronok (D:8)
  A cyclops (D:7)
  2 yaks (D:8)
  A water moccasin (D:7)
  A sky beast (D:6)
  An orc warrior (D:7)
  2 phantoms
  4 kobold brigands
  5 bullfrogs
  2 scorpions
  4 wights
  5 killer bees (D:8)
  3 howler monkeys
  An orc priest (D:8)
  A gnoll bouda (D:7)
  A hound (D:7)
  An iguana (D:4)
  3 sleepcaps
  Ijyb (D:3)
  4 orc wizards
  Robin (D:2)
  13 gnolls
  10 adders
  2 white imps
  2 ufetubi
  A worm (D:2)
  A dart slug (D:1)
  11 orcs
  16 ball pythons
  4 bats
  11 endoplasms
  4 giant cockroaches
  16 goblins
  9 hobgoblins
  6 jackals
  4 quokkas
  4 frilled lizards
  29 kobolds
  8 rats
196 creatures vanquished.

Notes
Turn   | Place    | Note
-------+----------+-------------------------------------------
     0 | D:1      | qw the Gargoyle Fighter began the quest for the Orb.
     0 | D:1      | Reached XP level 1. HP: 14/14 MP: 1/1
     0 | D:1      | 0 ||| qw: Version: 0.3-a-35-g05ef00e
     0 | D:1      | 0 ||| qw: Game counter: 7840
     0 | D:1      | 0 ||| qw: Melee chars always use a shield: true
     0 | D:1      | 0 ||| qw: God list: Okawaru
     0 | D:1      | 0 ||| qw: Allow faded altars: false
     0 | D:1      | 0 ||| qw: Do Orc after clearing Dungeon:15 true
     0 | D:1      | 0 ||| qw: Do second Lair branch before Depths: true
     0 | D:1      | 0 ||| qw: Lair rune preference: random
     0 | D:1      | 0 ||| qw: Goals: Normal, Zot:1-4, Slime:5, God:TSO, Crypt,
                  | Tomb, Abyss, Pan, Hells, Win
     0 | D:1      | 0 ||| PLANNING D:1-11
    50 | D:1      | 50 ||| Stepping ~*~*~tactically~*~*~ (stealth).
   122 | D:1      | Reached XP level 2. HP: 19/19 MP: 2/2
   283 | D:1      | Found a shadowy altar of Dithmenos.
   291 | D:1      | 291 ||| Stepping ~*~*~tactically~*~*~ (hiding).
   294 | D:1      | 294 ||| Stepping ~*~*~tactically~*~*~ (hiding).
   446 | D:1      | 446 ||| DROPPING +0 club.
   475 | D:1      | 475 ||| Stepping ~*~*~tactically~*~*~ (stealth).
   480 | D:1      | Reached skill level 3 in Axes
   482 | D:1      | 482 ||| Stepping ~*~*~tactically~*~*~ (stealth).
   496 | D:1      | 496 ||| DROPPING +0 whip of pain.
   551 | D:1      | Reached XP level 3. HP: 23/23 MP: 3/3
   696 | D:1      | 696 ||| Stepping ~*~*~tactically~*~*~ (hiding).
  1098 | D:1      | 1098 ||| READING scroll labelled JITHRI SI PIT.
  1099 | D:1      | 1099 ||| DROPPING +0 whip.
  1100 | D:1      | 1100 ||| READING scroll labelled GOC LATUICAZ.
  1125 | D:2      | 1125 ||| Stepping ~*~*~tactically~*~*~ (stealth).
  1166 | D:2      | 1166 ||| Stepping ~*~*~tactically~*~*~ (hiding).
  1184 | D:2      | Noticed Robin
  1190 | D:2      | Killed Robin
  1191 | D:2      | Reached XP level 4. HP: 28/28 MP: 4/4
  1490 | D:2      | 1490 ||| Stepping ~*~*~tactically~*~*~ (stealth).
  1742 | D:2      | 1742 ||| READING scroll labelled UCWITI RERHUGYN.
  1743 | D:2      | 1743 ||| READING 2 scrolls of identify.
  1743 | D:2      | 1743 ||| IDENTIFYING murky purple potion
  1751 | D:3      | 1751 ||| PLANNING SEWER
  1765 | D:3      | Found a bloodstained altar of Trog.
  1895 | D:3      | 1895 ||| Stepping ~*~*~tactically~*~*~ (hiding).
  1898 | D:3      | 1898 ||| Stepping ~*~*~tactically~*~*~ (hiding).
  1899 | D:3      | 1899 ||| Stepping ~*~*~tactically~*~*~ (hiding).
  2045 | D:3      | Reached XP level 5. HP: 27/32 MP: 5/5
  2156 | D:3      | Found a glowing drain.
  2157 | D:3      | 2157 ||| READING scroll labelled FOMAOGIJ YKLU.
  2157 | D:3      | Identified a scroll of acquirement
  2157 | D:3      | 2157 ||| ACQUIRING 1012 gold pieces
  2157 | D:3      | Acquired 1012 gold pieces
  2159 | D:3      | 2159 ||| READING scroll labelled RYESCH GYZXOOS.
  2163 | D:3      | 2163 ||| DRINKING 4 coppery potions.
  2185 | Sewer    | Entered a sewer
  2206 | Sewer    | Noticed a kobold brigand
  2206 | Sewer    | Noticed a kobold brigand
  2217 | Sewer    | Killed a kobold brigand
  2218 | Sewer    | Killed a kobold brigand
  2219 | Sewer    | Reached XP level 6. HP: 15/38 MP: 6/6
  2399 | Sewer    | 2399 ||| Stepping ~*~*~tactically~*~*~ (water).
  2504 | Sewer    | 2504 ||| DRINKING 2 smoky dark potions.
  2505 | Sewer    | 2505 ||| DRINKING 2 fuming cyan potions.
  2505 | Sewer    | Gained mutation: You are clumsy. (Dex -2) [potion of
                  | mutation]
  2505 | Sewer    | Gained mutation: You are strong-willed. (Will+) [potion of
                  | mutation]
  2505 | Sewer    | Gained mutation: You possess an exceptional clarity of
                  | mind. [potion of mutation]
  2506 | Sewer    | 2506 ||| DRINKING 2 pink potions.
  2507 | Sewer    | 2507 ||| DRINKING 2 bubbling blue potions.
  2508 | Sewer    | 2508 ||| DROPPING potion of brilliance.
  2509 | Sewer    | 2509 ||| DROPPING potion of invisibility.
  2524 | D:3      | 2524 ||| PLANNING D:1-11
  2564 | D:3      | You fall into a shaft and drop 1 floor!
  2606 | D:3      | Found a faded altar of an unknown god.
  2612 | D:3      | 2612 ||| READING scroll of brand weapon.
  2612 | D:3      | 2612 ||| BRANDING +0 war axe of flaming.
  2696 | D:3      | 2696 ||| DROPPING +0 club.
  2808 | D:3      | Noticed Ijyb
  2809 | D:3      | 2809 ||| Stepping ~*~*~tactically~*~*~ (hiding).
  2822 | D:3      | Killed Ijyb
  2868 | D:3      | 2868 ||| DROPPING +0 whip.
  3077 | D:3      | 3077 ||| UPGRADING to +0 chain mail.
  3087 | D:3      | 3087 ||| DROPPING +0 scale mail.
  3088 | D:3      | 3088 ||| READING 2 scrolls labelled QUSATH NAYMACS.
  3089 | D:3      | 3089 ||| READING scroll labelled LIADWI UTYREDIENK.
  3090 | D:3      | 3090 ||| DRINKING 2 red potions.
  3091 | D:3      | 3091 ||| READING 2 scrolls of identify.
  3091 | D:3      | 3091 ||| IDENTIFYING fizzy purple potion
  3092 | D:3      | 3092 ||| DROPPING scroll of fear.
  3126 | D:4      | 3126 ||| Stepping ~*~*~tactically~*~*~ (hiding).
  3192 | D:4      | Reached skill level 6 in Axes
  3192 | D:4      | Reached XP level 7. HP: 34/43 MP: 7/7
  3232 | D:4      | 3232 ||| READING scroll of brand weapon.
  3232 | D:4      | 3232 ||| BRANDING +1 war axe of venom.
  3312 | D:4      | 3312 ||| Stepping ~*~*~tactically~*~*~ (hiding).
  3313 | D:4      | 3313 ||| Stepping ~*~*~tactically~*~*~ (hiding).
  3314 | D:4      | 3314 ||| Stepping ~*~*~tactically~*~*~ (hiding).
  3315 | D:4      | 3315 ||| Stepping ~*~*~tactically~*~*~ (hiding).
  3461 | D:4      | 3461 ||| Stepping ~*~*~tactically~*~*~ (hiding).
  3623 | D:4      | Found a staircase to the Ecumenical Temple.
  3624 | D:4      | 3624 ||| PLANNING TEMPLE
  3624 | D:4      | 3624 ||| READING scroll labelled OLINEU VEIHUA.
  3625 | D:4      | 3625 ||| DRINKING 3 sedimented inky potions.
  3626 | D:4      | 3626 ||| DROPPING 2 potions of degeneration.
  3635 | Temple   | Entered the Ecumenical Temple
  3646 | Temple   | 3646 ||| PLANNING OKAWARU WORSHIP
  3694 | Temple   | Became a worshipper of Warmaster Okawaru
  3695 | Temple   | 3695 ||| PLANNING D:1-11
  3893 | D:5      | Entered Level 5 of the Dungeon
  3894 | D:5      | 3894 ||| PLANNING OSSUARY
  3950 | D:5      | 3950 ||| Stepping ~*~*~tactically~*~*~ (stealth).
  3958 | D:5      | Identified the +0 leather armour "Jaocy" {Harm rC+ Will++}
  4013 | D:5      | 4013 ||| Stepping ~*~*~tactically~*~*~ (hiding).
  4031 | D:5      | HP: 9/44 [gnoll/+0 halberd (12)]
  4032 | D:5      | 4032 ||| DRINKING potion of heal wounds.
  4117 | D:5      | Found a sand-covered staircase.
  4285 | D:5      | Found an opulent altar of Gozag.
  4387 | D:5      | 4387 ||| RIP OSSUARY
  4387 | D:5      | 4387 ||| PLANNING D:1-11
  4387 | D:5      | 4387 ||| READING scroll labelled RYENENNIDDI.
  4388 | D:5      | 4388 ||| READING 2 scrolls of identify.
  4388 | D:5      | 4388 ||| IDENTIFYING cyan potion
  4475 | D:6      | 4475 ||| READING scroll of enchant weapon.
  4475 | D:6      | 4475 ||| ENCHANTING +1 war axe of freezing.
  4521 | D:6      | 4521 ||| Stepping ~*~*~tactically~*~*~ (stealth).
  4534 | D:6      | Reached XP level 8. HP: 49/49 MP: 8/8
  4607 | D:6      | Reached * piety under Okawaru
  4611 | D:6      | 4611 ||| Stepping ~*~*~tactically~*~*~ (hiding).
  4629 | D:6      | Reached skill level 1 in Invocations
  4752 | D:6      | 4752 ||| Stepping ~*~*~tactically~*~*~ (hiding).
  4846 | D:6      | 4846 ||| READING scroll labelled SEAWES ZIPP.
  5040 | D:6      | Found a hazy altar of Hepliaklqana.
  5207 | D:6      | 5207 ||| READING scroll labelled NAENALU WAHAE.
  5308 | D:6      | 5308 ||| READING scroll labelled MORCHA JAGERABB.
  5339 | D:7      | Reached skill level 3 in Invocations
  5339 | D:7      | 5339 ||| STAIRDANCE
  5350 | D:7      | 5350 ||| Stepping ~*~*~tactically~*~*~ (hiding).
  5351 | D:7      | 5351 ||| Stepping ~*~*~tactically~*~*~ (hiding).
  5365 | D:7      | 5365 ||| Stepping ~*~*~tactically~*~*~ (hiding).
  5371 | D:7      | Reached skill level 1 in Dodging
  5441 | D:7      | Reached skill level 6 in Fighting
  5486 | D:7      | Found a broken altar of Ashenzari.
  5515 | D:7      | Found a basalt altar of Yredelemnul.
  5540 | D:7      | 5540 ||| Stepping ~*~*~tactically~*~*~ (stealth).
  5612 | D:7      | Reached ** piety under Okawaru
  5695 | D:7      | 5695 ||| Stepping ~*~*~tactically~*~*~ (hiding).
  5698 | D:7      | 5698 ||| INVOKING Heroism.
  5711 | D:7      | Reached XP level 9. HP: 42/55 MP: 10/12
  5763 | D:7      | 5763 ||| DROPPING +0 mace.
  5932 | D:7      | Noticed a gargoyle
  5985 | D:7      | Noticed a cyclops
  5990 | D:7      | 5990 ||| INVOKING Heroism.
  6001 | D:7      | HP: 12/55 [cyclops (12)]
  6002 | D:7      | 6002 ||| READING scroll of teleportation.
  6003 | D:7      | 6003 ||| DRINKING potion of heal wounds.
  6233 | D:7      | 6233 ||| Stepping ~*~*~tactically~*~*~ (stealth).
  6236 | D:7      | Reached skill level 9 in Axes
  6237 | D:7      | 6237 ||| DROPPING +0 leather armour "Jaocy" {Harm rC+
                  | Will++}.
  6239 | D:7      | 6239 ||| UPGRADING to +0 plate armour.
  6249 | D:7      | 6249 ||| INVOKING Heroism.
  6254 | D:7      | Killed a cyclops
  6255 | D:7      | 6255 ||| Stepping ~*~*~tactically~*~*~ (hiding).
  6267 | D:7      | 6267 ||| DROPPING +0 chain mail.
  6359 | D:7      | 6359 ||| DROPPING ring of flight.
  6360 | D:7      | 6360 ||| READING 2 scrolls labelled KERATOMYED.
  6361 | D:7      | 6361 ||| READING scroll of enchant armour.
  6361 | D:7      | 6361 ||| ENCHANTING +0 plate armour.
  6362 | D:7      | 6362 ||| READING 2 scrolls of identify.
  6362 | D:7      | 6362 ||| IDENTIFYING fizzy silvery potion
  6363 | D:7      | 6363 ||| DROPPING potion of berserk rage.
  6452 | D:8      | 6452 ||| INVOKING Heroism.
  6544 | D:8      | Noticed Gastronok
  6545 | D:8      | 6545 ||| Stepping ~*~*~tactically~*~*~ (hiding).
  6547 | D:8      | 6547 ||| Stepping ~*~*~tactically~*~*~ (hiding).
  6549 | D:8      | 6549 ||| Stepping ~*~*~tactically~*~*~ (hiding).
  6551 | D:8      | 6551 ||| Stepping ~*~*~tactically~*~*~ (hiding).
  6553 | D:8      | 6553 ||| INVOKING Heroism.
  6565 | D:8      | HP: 12/56 [Gastronok (3)]
  6569 | D:8      | Killed Gastronok
  6569 | D:8      | Reached *** piety under Okawaru
  6570 | D:8      | Reached skill level 9 in Fighting
  6570 | D:8      | Reached XP level 10. HP: 16/67 MP: 11/13
  6827 | D:8      | Reached **** piety under Okawaru
  6865 | D:8      | Found Wezxobox's Distillery.
  6873 | D:8      | 6873 ||| BUYING potion of curing (39 gold).
  6873 | D:8      | Bought a potion of curing for 39 gold pieces
  6873 | D:8      | 6873 ||| BUYING potion of curing (39 gold).
  6873 | D:8      | Bought a potion of curing for 39 gold pieces
  6873 | D:8      | 6873 ||| BUYING potion of curing (39 gold).
  6873 | D:8      | Bought a potion of curing for 39 gold pieces
  6873 | D:8      | 6873 ||| BUYING potion of curing (39 gold).
  6873 | D:8      | Bought a potion of curing for 39 gold pieces
  6893 | D:8      | 6893 ||| INVOKING Heroism.
  6985 | D:8      | 6985 ||| Stepping ~*~*~tactically~*~*~ (stealth).
  6987 | D:8      | 6987 ||| Stepping ~*~*~tactically~*~*~ (stealth).
  7000 | D:8      | 7000 ||| INVOKING Heroism.
  7002 | D:8      | HP: 12/67 [yak (10)]
  7003 | D:8      | HP: 1/67 [yak (5)]
  7003 | D:8      | Demolished by a wight

Levels and vault maps discovered:
D:1:      minmay_arrival_nine_rooms, layout_loops_corners,
          amcnicky_mini_corridor_feature, kennysheep_nondescript,
          minmay_hexomino_r4
D:2:      layout_loops_ring, uniq_robin, uniq_crazy_yiuf_cottage
D:3:      layout_rooms, bloody_trog, shapermc_ecumenical_altar_gd,
          portal_sewer_entry_d, minmay_snake_closets, uniq_ijyb
D:4:      layout_cave_pools, minmay_temple_entry_grid
D:5:      layout_rooms, grunt_gozag_statues,
          nicolae_ossuary_entry_false_entrances, chequers_decorated_corner
D:6:      layout_loops_cross, mainiacjoe_overflow_paths, centaur_isle
D:7:      minmay_chambers_of_sixes, layout_loops_ring,
          mainiacjoe_overflow_boulevard, kennysheep_mini_moat, minmay_holes
D:8:      layout_layer_cave, serial_shops, shop, uniq_gastronok
Temple:   eino_wide_crystal_templ

Skill      XL: |  1  2  3  4  5  6  7  8  9 |
---------------+----------------------------+-----
Axes           | 2 3 4 5 6 7 8 9 |  9.4
Fighting       | 4 5 6 9 |  9.7
Invocations    | 4 |  4.1
Dodging        | 1 |  1.0
Armour         | 5 |  5.2
Shields        | 4 |  4.1

Action                     |  1- 3 |  4- 6 |  7- 9 | 10-12 || total
---------------------------+-------+-------+-------+-------++-------
  Melee: War axe           |    91 |   162 |   251 |    29 ||   533
  Throw: Boomerang         |    16 |    71 |    37 |       ||   124
 Invoke: Heroism           |       |       |     5 |     2 ||     7
    Use: Scroll            |     2 |     8 |    12 |       ||    22
         Potion            |       |     6 |     3 |       ||     9
 Armour: Scale mail        |    34 |    89 |       |       ||   123
         Chain mail        |       |    15 |   134 |       ||   149
         Plate armour      |       |       |    17 |    23 ||    40
  Dodge: Dodged            |    31 |    85 |    92 |    11 ||   219
  Block: Buckler           |    18 |    31 |    47 |     7 ||   103

Table legend:
 A = Non-vault XP
 B = Vault XP
 C = Vault XP percentage of total XP
 D = Non-vault monster count
 E = Vault monster count
 F = Vault count percentage of total count
                 A         B        C        D         E       F
            +---------+---------+-------+---------+---------+-------
      Total |    3088 |    2752 |  47.1 |     140 |      56 |  28.6
            +---------+---------+-------+---------+---------+-------
        D:1 |      41 |      11 |  21.2 |      24 |       5 |  17.2
        D:2 |      35 |      34 |  49.3 |      19 |      11 |  36.7
        D:3 |      43 |     119 |  73.5 |      15 |      10 |  40.0
        D:4 |     309 |       0 |   0.0 |      22 |       0 |   0.0
        D:5 |     293 |       0 |   0.0 |      11 |       0 |   0.0
        D:6 |     570 |       0 |   0.0 |      15 |       0 |   0.0
        D:7 |     693 |     898 |  56.4 |      20 |       5 |  20.0
        D:8 |    1104 |    1461 |  57.0 |      14 |       1 |   6.7
      Sewer |       0 |     229 | 100.0 |       0 |      24 | 100.0
            +---------+---------+-------+---------+---------+-------
